EL
PORTLAND SEA DOGS @ MONTGOMERY BISCUITS
09/03/2048
 
TOP OF THE 1ST
Portland Sea Dogs batting - Pitching for Montgomery Biscuits : RHP Ken Vandercook
Pitching: RHP Ken Vandercook
Batting: LHB Dave Reyes 0-0: Ball
1-0: Ball
2-0: Ball
3-0: Base on Balls
Batting: LHB Sergio Tinoco 0-0: Called Strike
Dave Reyes is caught stealing 2nd base 2-6
0-1: Ball
1-1: Hit by Pitch
Batting: LHB David Moore 0-0: Called Strike
0-1: Ball
1-1: Swinging Strike
1-2: Ball
2-2: Ball
3-2: Ground out 6-3 (Groundball, 6, EV 81.9 MPH)
Sergio Tinoco to second
Batting: RHB Alex Melendez 0-0: Ball
1-0: Ball
2-0: Called Strike
2-1: Ball
3-1: Swinging Strike
3-2: Strikes out swinging
Top of the 1st over - 0 runs, 0 hits, 0 errors, 1 left on base; Portland 0 - Montgomery 0
BOTTOM OF THE 1ST
Montgomery Biscuits batting - Pitching for Portland Sea Dogs : RHP Lukasha Sheigus
Pitching: RHP Lukasha Sheigus
Batting: RHB Chris Thorson 0-0: Fly out, F9 (Flyball, 9, EV 83.1 MPH)
Batting: SHB Julio Hernandez 0-0: Called Strike
0-1: Ground out 4-3 (Groundball, 4S, EV 65.6 MPH)
Batting: LHB Eric Toney 0-0: Reached on error, E6 (Groundball, 6, EV 108.8 MPH)
Batting: LHB Darryl Gonnella 0-0: Ball
1-0: Ball
2-0: Ball
3-0: Called Strike
3-1: Foul Ball, location: 2F
3-2: Foul Ball, location: 2F
3-2: Foul Ball, location: 2F
3-2: SINGLE (Line Drive, 34, EV 104.4 MPH)
Eric Toney to second
Eric Toney to third
Batting: RHB Freddy Mullen 0-0: Ball
1-0: Swinging Strike
1-1: Swinging Strike
1-2: Strikes out looking
Bottom of the 1st over - 0 runs, 1 hit, 1 error, 2 left on base; Portland 0 - Montgomery 0
TOP OF THE 2ND
Portland Sea Dogs batting - Pitching for Montgomery Biscuits : RHP Ken Vandercook
Batting: RHB Travis Campbell 0-0: Ball
1-0: Called Strike
1-1: Called Strike
1-2: Ball
2-2: Ball
3-2: Ground out U3 (Groundball, 34S, EV 78.8 MPH)
Batting: RHB Mike Batko 0-0: Ball
1-0: Ball
2-0: Foul Ball, location: 2F
2-1: Called Strike
2-2: Foul Ball, location: 2F
2-2: Foul Ball, location: 2F
2-2: Hit by Pitch
Batting: RHB Miguel Villanueva 0-0: Ball
1-0: Ball
2-0: Ball
3-0: Base on Balls
Mike Batko to second
Batting: RHB Frank Sokolosky 0-0: Called Strike
0-1: Foul Ball, location: 2F
0-2: Ball
1-2: Grounds into double play, 6-4-3 (Groundball, 6, EV 80.0 MPH)
Top of the 2nd over - 0 runs, 0 hits, 0 errors, 1 left on base; Portland 0 - Montgomery 0
BOTTOM OF THE 2ND
Montgomery Biscuits batting - Pitching for Portland Sea Dogs : RHP Lukasha Sheigus
Batting: RHB John Downing 0-0: Ground out 6-3 (Groundball, 6M, EV 101.9 MPH)
Batting: LHB Danny Hull 0-0: Called Strike
0-1: Ground out 5-3 (Groundball, 56, EV 84.4 MPH)
Batting: RHB Dave Galloway 0-0: Ball
1-0: Ball
2-0: Ball
3-0: Called Strike
3-1: Ground out 5-3 (Groundball, 5, EV 78.8 MPH)
Bottom of the 2nd over - 0 runs, 0 hits, 0 errors, 0 left on base; Portland 0 - Montgomery 0
TOP OF THE 3RD
Portland Sea Dogs batting - Pitching for Montgomery Biscuits : RHP Ken Vandercook
Batting: RHB Josh Helman 0-0: Called Strike
0-1: Called Strike
0-2: Ball
1-2: Ball
2-2: SINGLE (Groundball, 34D, EV 93.8 MPH)
Batting: LHB Dave Reyes 0-0: Grounds into double play, 3-6-3 (Groundball, 3, EV 96.2 MPH)
Batting: LHB Sergio Tinoco 0-0: Called Strike
0-1: Foul Ball, location: 2F
0-2: Strikes out swinging
Top of the 3rd over - 0 runs, 1 hit, 0 errors, 0 left on base; Portland 0 - Montgomery 0
BOTTOM OF THE 3RD
Montgomery Biscuits batting - Pitching for Portland Sea Dogs : RHP Lukasha Sheigus
Batting: LHB Angel Ruvalcaba 0-0: Called Strike
0-1: SINGLE (Groundball, 3S, EV 61.2 MPH) (infield hit)
Batting: RHB Chris Thorson 0-0: Foul Ball, location: 2F
0-1: SINGLE (Groundball, 56D, EV 96.2 MPH)
Angel Ruvalcaba to second
Runner from 2nd tries for 3rd, SAFE, throw by LF made to third
Chris Thorson to second
Batting: SHB Julio Hernandez 0-0: Ball
1-0: Called Strike
1-1: Ball
2-1: Ball
3-1: Base on Balls
Batting: LHB Eric Toney 0-0: Ball
1-0: DOUBLE (Line Drive, 78D, EV 110.6 MPH)
Angel Ruvalcaba scores
Chris Thorson scores
Julio Hernandez to third
Batting: LHB Darryl Gonnella 0-0: Ball
Wild Pitch!
Julio Hernandez scores
Eric Toney to third
1-0: Foul Ball, location: 2F
1-1: Swinging Strike
1-2: Ball
2-2: SINGLE (Groundball, 6, EV 96.9 MPH)
Eric Toney scores
Batting: RHB Freddy Mullen 0-0: Ball
Darryl Gonnella steals 2nd base
1-0: Ball
2-0: Fly out, F8 (Line Drive, 8LM, EV 99.4 MPH)
Batting: RHB John Downing 0-0: Called Strike
0-1: Ball
1-1: Called Strike
1-2: Ground out 1-3 (Groundball, 13, EV 68.1 MPH)
Darryl Gonnella to third
Batting: LHB Danny Hull 0-0: Ball
1-0: Ground out U3 (Groundball, 34, EV 84.4 MPH)
Bottom of the 3rd over - 4 runs, 4 hits, 0 errors, 1 left on base; Portland 0 - Montgomery 4
TOP OF THE 4TH
Portland Sea Dogs batting - Pitching for Montgomery Biscuits : RHP Ken Vandercook
Batting: LHB David Moore 0-0: Foul Ball, location: 2F
0-1: Ball
1-1: Ball
2-1: Foul Ball, location: 2F
2-2: Ball
3-2: Strikes out swinging
Batting: RHB Alex Melendez 0-0: SINGLE (Flyball, 8RS, EV 87.5 MPH)
Batting: RHB Travis Campbell 0-0: Ball
1-0: Called Strike
1-1: Ball
2-1: Foul Ball, location: 2F
2-2: Ball
3-2: SINGLE (Groundball, 6MD, EV 98.1 MPH)
Alex Melendez to second
Batting: RHB Mike Batko 0-0: Ball
1-0: Ball
2-0: Ball
3-0: Called Strike
3-1: Grounds into double play, 6-4-3 (Groundball, 6, EV 83.8 MPH)
Top of the 4th over - 0 runs, 2 hits, 0 errors, 1 left on base; Portland 0 - Montgomery 4
BOTTOM OF THE 4TH
Montgomery Biscuits batting - Pitching for Portland Sea Dogs : RHP Lukasha Sheigus
Batting: RHB Dave Galloway 0-0: Foul Ball, location: 2F
0-1: SINGLE (Line Drive, 56D, EV 105.0 MPH)
Batting: LHB Angel Ruvalcaba 0-0: Called Strike
0-1: Swinging Strike
0-2: Ball
1-2: Strikes out swinging
Batting: RHB Chris Thorson 0-0: Called Strike
0-1: Fielders Choice at 2nd, 1-4 (Groundball, 25, EV 75.0 MPH)
Batting: SHB Julio Hernandez 0-0: Called Strike
0-1: Ball
Chris Thorson steals 2nd, throwing error, E2
Chris Thorson to third
1-1: Swinging Strike
1-2: Ground out 3-1 (Groundball, 34S, EV 80.6 MPH)
Bottom of the 4th over - 0 runs, 1 hit, 1 error, 1 left on base; Portland 0 - Montgomery 4
TOP OF THE 5TH
Portland Sea Dogs batting - Pitching for Montgomery Biscuits : RHP Ken Vandercook
Batting: RHB Miguel Villanueva 0-0: Swinging Strike
0-1: Fly out, F3 (Popup, 3F, EV 63.1 MPH)
Batting: RHB Frank Sokolosky 0-0: Ball
1-0: Called Strike
1-1: Swinging Strike
1-2: Foul Ball, location: 2F
1-2: Ball
2-2: Fly out, F7 (Flyball, 7, EV 91.2 MPH)
Batting: RHB Josh Helman 0-0: Fly out, F7 (Flyball, 78XD, EV 107.5 MPH)
Top of the 5th over - 0 runs, 0 hits, 0 errors, 0 left on base; Portland 0 - Montgomery 4
BOTTOM OF THE 5TH
Montgomery Biscuits batting - Pitching for Portland Sea Dogs : RHP Lukasha Sheigus
Batting: LHB Eric Toney 0-0: Swinging Strike
0-1: Ball
1-1: Swinging Strike
1-2: Strikes out swinging
Batting: LHB Darryl Gonnella 0-0: Foul Ball, location: 2F
0-1: Called Strike
0-2: Ball
1-2: Foul Ball, location: 2F
1-2: Foul Ball, location: 2F
1-2: Ball
2-2: Ball
3-2: Ground out 4-3 (Groundball, 4, EV 88.1 MPH)
Batting: RHB Freddy Mullen 0-0: Ball
1-0: Swinging Strike
1-1: Fly out, F7 (Flyball, 78M, EV 85.0 MPH)
Bottom of the 5th over - 0 runs, 0 hits, 0 errors, 0 left on base; Portland 0 - Montgomery 4
TOP OF THE 6TH
Portland Sea Dogs batting - Pitching for Montgomery Biscuits : RHP Ken Vandercook
Batting: LHB Dave Reyes 0-0: Ball
1-0: Called Strike
1-1: SOLO HOME RUN (Flyball, 89XD, EV 99.4 MPH), Distance : 400 ft
Batting: LHB Sergio Tinoco 0-0: Ball
1-0: Called Strike
1-1: Ball
2-1: Fly out, F9 (Flyball, 9LM, EV 81.9 MPH)
Batting: LHB David Moore 0-0: Ball
1-0: Foul Ball, location: 2F
1-1: Called Strike
1-2: Ground out U3 (Groundball, 3, EV 85.6 MPH)
Batting: RHB Alex Melendez 0-0: SINGLE (Groundball, 56D, EV 96.2 MPH)
Batting: RHB Travis Campbell 0-0: Called Strike
0-1: Ball
1-1: Foul Ball, location: 2F
1-2: Strikes out swinging
Top of the 6th over - 1 run, 2 hits, 0 errors, 1 left on base; Portland 1 - Montgomery 4
BOTTOM OF THE 6TH
Montgomery Biscuits batting - Pitching for Portland Sea Dogs : RHP Lukasha Sheigus
Batting: RHB John Downing 0-0: Ground out 5-3 (Groundball, 5L, EV 101.2 MPH)
Batting: LHB Danny Hull 0-0: Ball
1-0: Called Strike
1-1: Ball
2-1: Ground out U3 (Groundball, 3S, EV 71.2 MPH)
Batting: RHB Dave Galloway 0-0: Swinging Strike
0-1: Foul Ball, location: 2F
0-2: Fly out, F8 (Flyball, 8RD, EV 103.8 MPH)
Bottom of the 6th over - 0 runs, 0 hits, 0 errors, 0 left on base; Portland 1 - Montgomery 4
TOP OF THE 7TH
Portland Sea Dogs batting - Pitching for Montgomery Biscuits : RHP Ken Vandercook
Batting: RHB Mike Batko 0-0: Called Strike
0-1: Ball
1-1: Foul Ball, location: 2F
1-2: Reached on error, E6 (Groundball, 6, EV 90.6 MPH)
Pitching: LHP Chris Polite
Batting: RHB Miguel Villanueva 0-0: Fly out, F7 (Line Drive, 78M, EV 88.1 MPH)
Batting: RHB Frank Sokolosky 0-0: Ground out 5-3 (Groundball, 56, EV 81.9 MPH)
Batting: RHB Josh Helman 0-0: Ball
1-0: Foul Ball, location: 2F
1-1: Ball
2-1: Ball
3-1: Fly out, F4 (Line Drive, 34D, EV 70.6 MPH)
Top of the 7th over - 0 runs, 0 hits, 1 error, 1 left on base; Portland 1 - Montgomery 4
BOTTOM OF THE 7TH
Montgomery Biscuits batting - Pitching for Portland Sea Dogs : RHP Lukasha Sheigus
Batting: LHB Angel Ruvalcaba 0-0: Ball
1-0: Hit by Pitch
Batting: RHB Chris Thorson 0-0: Ball
1-0: Bunted foul
1-1: Bunted foul
1-2: TRIPLE (Flyball, 7D, EV 106.9 MPH)
Angel Ruvalcaba scores
Pitching: LHP Kevin Turner
Batting: SHB Julio Hernandez 0-0: Swinging Strike
0-1: Called Strike
0-2: Foul Ball, location: 2F
0-2: Fly out, F8 (Line Drive, 8LM, EV 96.9 MPH)
Runner from 3rd tags up, SCORES, no throw by CF
Batting: LHB Eric Toney 0-0: Foul Ball, location: 2F
0-1: Swinging Strike
0-2: Ground out 6-3 (Groundball, 6, EV 81.9 MPH)
Batting: LHB Darryl Gonnella 0-0: Foul Ball, location: 2F
0-1: Called Strike
0-2: Strikes out looking
Bottom of the 7th over - 2 runs, 1 hit, 0 errors, 0 left on base; Portland 1 - Montgomery 6
TOP OF THE 8TH
Portland Sea Dogs batting - Pitching for Montgomery Biscuits : LHP Chris Polite
Batting: LHB Dave Reyes 0-0: Ball
1-0: Called Strike
1-1: Foul Ball, location: 2F
1-2: Strikes out looking
Pinch Hitting: RHB Ernie Genier 0-0: Ball
1-0: Ball
2-0: Ball
3-0: Called Strike
3-1: Foul Ball, location: 2F
3-2: Strikes out looking
Batting: LHB David Moore 0-0: Ball
1-0: Called Strike
1-1: Foul Ball, location: 2F
1-2: Ground out 6-3 (Groundball, 6, EV 96.9 MPH)
Top of the 8th over - 0 runs, 0 hits, 0 errors, 0 left on base; Portland 1 - Montgomery 6
BOTTOM OF THE 8TH
Montgomery Biscuits batting - Pitching for Portland Sea Dogs : LHP Kevin Turner
Now in LF: Zi-jing Wang
Batting: RHB Freddy Mullen 0-0: Called Strike
0-1: Ball
1-1: Foul Ball, location: 2F
1-2: Ground out 1-3 (Groundball, 34S, EV 71.9 MPH)
Batting: RHB John Downing 0-0: Ball
1-0: Fly out, F9 (Flyball, 9D, EV 97.5 MPH)
Batting: LHB Danny Hull 0-0: SINGLE (Line Drive, 8LS, EV 96.9 MPH)
Batting: RHB Dave Galloway 0-0: Called Strike
Danny Hull steals 2nd, throwing error, E2
Danny Hull to third
0-1: Called Strike
0-2: Ball
1-2: Strikes out swinging
Bottom of the 8th over - 0 runs, 1 hit, 1 error, 1 left on base; Portland 1 - Montgomery 6
TOP OF THE 9TH
Portland Sea Dogs batting - Pitching for Montgomery Biscuits : LHP Chris Polite
Batting: RHB Alex Melendez 0-0: Called Strike
0-1: SINGLE (Groundball, 6MD, EV 99.4 MPH)
Batting: RHB Travis Campbell 0-0: Foul Ball, location: 2F
0-1: Swinging Strike
0-2: Foul Ball, location: 2F
0-2: Ball
1-2: SINGLE (Groundball, 34, EV 101.9 MPH)
Alex Melendez to second
Batting: RHB Mike Batko 0-0: Ball
1-0: Called Strike
1-1: Ball
2-1: SINGLE (Line Drive, 9S, EV 95.0 MPH)
Alex Melendez to third
Travis Campbell to second
Pitching: LHP Brian Kelly
Batting: RHB Miguel Villanueva 0-0: Called Strike
0-1: Grounds into double play, 3-6-3 (Groundball, 34, EV 86.9 MPH)
Alex Melendez scores
Travis Campbell to third
Batting: RHB Frank Sokolosky 0-0: Ball
1-0: Ball
2-0: Swinging Strike
2-1: Swinging Strike
2-2: Ball
3-2: Base on Balls
Batting: RHB Josh Helman 0-0: Called Strike
0-1: Ball
Passed Ball!
Travis Campbell scores
Frank Sokolosky to second
1-1: Ball
2-1: SINGLE (Line Drive, 8LS, EV 109.4 MPH)
Frank Sokolosky to third
Batting: LHB Dave Reyes 0-0: Ground out 4-3 (Groundball, 34, EV 83.1 MPH)
Top of the 9th over - 2 runs, 4 hits, 0 errors, 2 left on base; Portland 3 - Montgomery 6
Tuesday, March 28th , 2023 - OOTP Baseball 23.10 Build 110